[Event "Titled Tuesday Blitz October 5 2021"]
[White "Indjic, Aleksandar"]
[Black "Budrewicz, Krzysztof"]
[WhiteFideId "911925"]
[BlackFideId "1127950"]
[WhiteElo "2643"]
[BlackElo "2242"]
[Result "1-0"]
[Round "02"]
[TimeControl "180+1"]
[Date "2021.10.05"]
[WhiteClock "0:02:14"]
[BlackClock "0:00:54"]

1. d4 Nf6 2. c4 g6 3. Nc3 Bg7 4. e4 O-O 5. Be2 d6 6. Be3 e5 7. d5 a5 8. g4 Na6 9. g5 Nd7 10. h4 f5 11. Nf3 Ndc5 12. Nd2 Bd7 13. a3 a4 14. Qc2 Rf7 15. O-O-O Bf8 16. Rdg1 Qc8 17. h5 f4 18. Bxc5 Nxc5 19. Kb1 Be7 20. Qd1 f3 21. Nxf3 Qf8 22. hxg6 hxg6 23. Rh6 Qg7 24. Nh4 Qxh6 25. gxh6 Bxh4 26. Rxg6+ Kh7 27. Rg7+ Rxg7 28. hxg7 Kxg7 29. Bg4 Be8 30. Qh1 Bf6 31. Bf5 Bf7 32. Qh7+ Kf8 33. Nb5 Na6 34. c5 Rd8 35. Be6 Bxe6 36. dxe6 Bg7 37. Qf5+ 1-0


[Site "https://www.chess.com"]

[Event "Titled Tuesday Blitz October 5 2021"]
[White "Isajevsky, Anton"]
[Black "Svane, Rasmus"]
[WhiteFideId "4142500"]
[BlackFideId "4657101"]
[WhiteElo "2510"]
[BlackElo "2643"]
[Result "1-0"]
[Round "02"]
[TimeControl "180+1"]
[Date "2021.10.05"]
[WhiteClock "0:00:11"]
[BlackClock "0:00:01"]

1. c4 e6 2. Nf3 d5 3. e3 a6 4. Nc3 dxc4 5. Bxc4 b5 6. Be2 Bb7 7. O-O Nf6 8. b3 c5 9. Bb2 Nbd7 10. a4 b4 11. Nb1 Be7 12. d3 O-O 13. Nbd2 Nd5 14. Rc1 Bf6 15. d4 Rc8 16. Ne4 cxd4 17. Nxf6+ N7xf6 18. Qxd4 Nc3 19. Bxc3 bxc3 20. Bc4 Ne4 21. Rfd1 Qa5 22. Qe5 Qb4 23. Nd4 Nd2 24. Nxe6 fxe6 25. Bxe6+ Kh8 26. Bxc8 Bxc8 27. Qxc3 Qxc3 28. Rxc3 Ne4 29. Rc2 Bf5 30. f3 Nf6 31. e4 Be6 32. Rc3 h6 33. Rd6 Bc8 34. Rdc6 Bb7 35. Rc7 Rb8 36. b4 Kh7 37. b5 axb5 38. axb5 Bxe4 39. fxe4 Rxb5 40. Re7 Rb4 41. Rcc7 Nh5 42. g4 Nf6 43. Rxg7+ Kh8 44. Rg6 Rb1+ 45. Kg2 Ng8 46. Rc8 Kh7 47. Rgxg8 h5 48. gxh5 Rb2+ 49. Kg3 Rb3+ 50. Kf4 Rb2 51. h4 Rf2+ 52. Ke5 Rb2 53. Rgd8 1-0


[Site "https://www.chess.com"]

[Event "Titled Tuesday Blitz October 5 2021"]
[White "Iskusnyh, Sergei"]
[Black "Bach, Matthias"]
[WhiteFideId "4120027"]
[BlackFideId "4603168"]
[WhiteElo "2492"]
[BlackElo "2165"]
[Result "1-0"]
[Round "02"]
[TimeControl "180+1"]
[Date "2021.10.05"]
[WhiteClock "0:00:49"]
[BlackClock "0:00:22"]

1. d4 Nf6 2. c4 c5 3. d5 e6 4. Nc3 exd5 5. cxd5 d6 6. Nf3 g6 7. Nd2 Nbd7 8. e4 Bg7 9. Be2 O-O 10. O-O a6 11. a4 Re8 12. h3 Rb8 13. a5 b5 14. axb6 Nxb6 15. Qc2 Qe7 16. Re1 g5 17. Ra3 h6 18. Bxa6 Bxa6 19. Rxa6 Nfxd5 20. Nxd5 Nxd5 21. Qa4 Nb4 22. Ra7 Qe6 23. Re3 Re7 24. Rxe7 Qxe7 25. Nf1 Qe5 26. Ng3 Qd4 27. Nf5 Qc4 28. Bd2 Nc2 29. Qxc4 1-0


[Site "https://www.chess.com"]

[Event "Titled Tuesday Blitz October 5 2021"]
[White "Janaszak, Dawid"]
[Black "Onyshchuk, Volodymyr"]
[WhiteFideId "1119206"]
[BlackFideId "14114038"]
[WhiteElo "2215"]
[BlackElo "2603"]
[Result "1/2-1/2"]
[Round "02"]
[TimeControl "180+1"]
[Date "2021.10.05"]
[WhiteClock "0:00:50"]
[BlackClock "0:00:23"]

1. e4 e5 2. Nf3 Nc6 3. d4 exd4 4. Nxd4 Nf6 5. Nxc6 bxc6 6. e5 Qe7 7. Qe2 Nd5 8. h4 g6 9. Bg5 Qb4+ 10. c3 Qb6 11. h5 Bg7 12. Na3 O-O 13. hxg6 hxg6 14. Nc4 Qc5 15. Qg4 Re8 16. Qh4 Re6 17. O-O-O Rb8 18. Bh6 Qe7 19. Bg5 Qc5 20. Bh6 Qe7 21. Bg5 Qc5 1/2-1/2


[Site "https://www.chess.com"]

[Event "Titled Tuesday Blitz October 5 2021"]
[White "Jarocka, Liwia"]
[Black "Karttunen, Mika"]
[WhiteFideId "21807558"]
[BlackFideId "502081"]
[WhiteElo "1851"]
[BlackElo "2343"]
[Result "0-1"]
[Round "02"]
[TimeControl "180+1"]
[Date "2021.10.05"]
[WhiteClock "0:00:18"]
[BlackClock "0:00:26"]

1. d4 Nf6 2. c4 c5 3. d5 b5 4. cxb5 a6 5. bxa6 g6 6. Nc3 Bg7 7. e4 Qa5 8. Bd2 O-O 9. Nf3 d6 10. Be2 Bxa6 11. O-O Bxe2 12. Qxe2 Qa6 13. Qe1 Qd3 14. Rd1 Qa6 15. Ra1 Nbd7 16. b3 c4 17. b4 Qa3 18. Nb5 Qd3 19. Bc3 Ra4 20. Rd1 Qxe4 21. Qxe4 Nxe4 22. Bxg7 Kxg7 23. Rfe1 Ndf6 24. Nd2 Rxb4 25. Nxe4 Rxb5 26. Nxf6 Kxf6 27. Rd4 Rc8 28. Rf4+ Kg7 29. h4 Rc7 30. Rc1 c3 31. Kf1 c2 32. Ke2 Rxd5 33. Rf3 e5 34. Rd3 Ra5 35. Rxd6 Rxa2 36. Rd5 f6 37. Rd2 h5 38. g3 Kf7 39. Ke3 Ke6 40. Ke2 Kf5 41. f3 Rc3 42. Kf2 Raa3 43. Rdxc2 Rxf3+ 44. Kg2 Rxg3+ 45. Kh2 Rh3+ 0-1


[Site "https://www.chess.com"]

[Event "Titled Tuesday Blitz October 5 2021"]
[White "Jobava, Baadur"]
[Black "Horobetz, Graham"]
[WhiteFideId "13601520"]
[BlackFideId "2047322"]
[WhiteElo "2731"]
[BlackElo "2612"]
[Result "1/2-1/2"]
[Round "02"]
[TimeControl "180+1"]
[Date "2021.10.05"]
[WhiteClock "0:00:07"]
[BlackClock "0:00:11"]

1. d4 d5 2. c4 c6 3. Nf3 Nf6 4. cxd5 cxd5 5. Nc3 Nc6 6. Bf4 Bf5 7. e3 e6 8. Bb5 Nd7 9. Rc1 Rc8 10. O-O Be7 11. h3 O-O 12. Na4 Nb4 13. Rxc8 Qxc8 14. a3 Bc2 15. Qd2 Bxa4 16. Bxa4 Nb6 17. Rc1 Nc4 18. Qe2 Nc6 19. Bb5 Nd6 20. Bxc6 bxc6 21. Ne5 Qb7 22. Nxc6 Nc4 23. Nxe7+ Qxe7 24. Rc3 a5 25. e4 Qd7 26. Rg3 f6 27. Bh6 Rf7 28. exd5 exd5 29. Bc1 Re7 30. Qd1 a4 31. Kh2 Qb5 32. Qg4 Qd7 33. Qxd7 Rxd7 34. b3 axb3 35. Rxb3 Kf7 36. a4 Ra7 37. Rb4 Ke6 38. Kg3 Kd7 39. h4 Kc6 40. h5 g6 41. h6 Rb7 42. Rxb7 Kxb7 43. Kf4 Kc6 44. g4 Kd6 45. g5 f5 46. Kf3 Kc6 47. Ke2 Kb6 48. Bd2 Nb2 49. a5+ Kb5 50. Be1 Nc4 51. Kf3 Ka6 52. Kf4 Kb5 53. Kf3 Ka6 54. Kf4 Kb5 55. Bc3 Ka6 56. Kf3 Kb5 57. Kf4 Ka6 58. Kf3 Kb5 59. Kf4 1/2-1/2


[Site "https://www.chess.com"]

[Event "Titled Tuesday Blitz October 5 2021"]
[White "Kadam, Om Manish"]
[Black "Wilson, Elvin"]
[WhiteFideId "45076294"]
[BlackFideId "2014874"]
[WhiteElo "1729"]
[BlackElo "2322"]
[Result "1-0"]
[Round "02"]
[TimeControl "180+1"]
[Date "2021.10.05"]
[WhiteClock "0:00:20"]
[BlackClock "0:00:01"]

1. e4 e6 2. d4 d5 3. Nd2 c5 4. exd5 Qxd5 5. Ngf3 cxd4 6. Bc4 Qd6 7. O-O Nf6 8. Nb3 Nc6 9. Qe2 Be7 10. Rd1 O-O 11. Nbxd4 Nxd4 12. Rxd4 Qc7 13. Bf4 Qb6 14. Bb3 Bd7 15. Rad1 Bc6 16. Ne5 Bd5 17. Bxd5 exd5 18. c3 Bc5 19. R4d3 Rfe8 20. Bg3 a5 21. Qf3 Qe6 22. h3 Ne4 23. Rxd5 Nxg3 24. Qxg3 b6 25. Nd7 Be7 26. Qf3 Rac8 27. Re5 Qg6 28. Rde1 Qd6 29. Nxb6 Qxb6 30. Rxe7 Rf8 31. R1e2 a4 32. Qe3 Qd6 33. Qd4 Qg6 34. Qxa4 Qb1+ 35. Kh2 Qf5 36. Qg4 Qd5 37. b3 h6 38. c4 Qd6+ 39. Qg3 Qf6 40. Qe5 Qb6 41. Qf5 Qc6 42. R2e3 Ra8 43. Rf3 Rxa2 44. Rxf7 Qd6+ 45. g3 Rxf7 46. Qxf7+ Kh7 47. Qf4 Qc6 48. Qf5+ Kg8 49. Qd5+ Qxd5 50. cxd5 Rd2 51. b4 Rxd5 52. Rb3 Rb5 53. f4 Kf7 54. Kg2 Ke6 55. Kf3 Kd5 56. g4 Kc4 57. Rb1 h5 58. f5 hxg4+ 59. hxg4 Kd5 60. Kf4 Kd6 61. g5 Ke7 62. Re1+ Kf7 63. g6+ Kf8 64. Re4 Rb6 65. Kg5 Rb5 66. Rc4 Rb6 67. Rc8+ Ke7 68. Rc7+ Kf8 69. Rf7+ Kg8 70. Rd7 Rb8 71. f6 gxf6+ 72. Kxf6 Rb6+ 73. Kg5 Rb8 74. Kh6 1-0


[Site "https://www.chess.com"]

[Event "Titled Tuesday Blitz October 5 2021"]
[White "Kamsky, Gata"]
[Black "Mezentsev, Ivan"]
[WhiteFideId "2000024"]
[BlackFideId "13706195"]
[WhiteElo "2603"]
[BlackElo "2295"]
[Result "1/2-1/2"]
[Round "02"]
[TimeControl "180+1"]
[Date "2021.10.05"]
[WhiteClock "0:00:19"]
[BlackClock "0:00:02"]

1. e4 c5 2. Nf3 e6 3. g3 Nf6 4. Qe2 Be7 5. Bg2 d5 6. e5 Nfd7 7. O-O Nc6 8. d3 b5 9. c4 bxc4 10. dxc4 Nb6 11. cxd5 Nxd5 12. Na3 O-O 13. Rd1 Qc7 14. Bg5 Bxg5 15. Nxg5 Qxe5 16. Qxe5 Nxe5 17. Ne4 c4 18. Nd6 Ba6 19. f4 Ng4 20. Ndxc4 Rac8 21. Rdc1 Nde3 22. Nxe3 Nxe3 23. Bf3 Rfd8 24. Kf2 Nf5 25. Rxc8 Rxc8 26. Rd1 g6 27. g4 Nh4 28. Bh1 h6 29. Rd7 Rc1 30. Bg2 Ra1 31. Ba8 Rxa2 32. Rd2 Kg7 33. Ke3 g5 34. fxg5 hxg5 35. Rd6 Bf1 36. Rd2 Bh3 37. Nc4 Bxg4 38. Ne5 Bf5 39. Rd7 Kf6 40. Nxf7 Rxb2 41. Nd6 Rb3+ 42. Kd4 Nf3+ 43. Kc5 Rc3+ 44. Kb4 Rd3 45. Ne8+ Ke5 46. Rxd3 Bxd3 47. Bxf3 Kf4 48. Bh5 g4 49. Ng7 Bf5 50. Nxf5 exf5 51. Bg6 g3 52. hxg3+ Kxg3 53. Bxf5 a5+ 54. Kxa5 1/2-1/2


[Site "https://www.chess.com"]

[Event "Titled Tuesday Blitz October 5 2021"]
[White "Karacsonyi, Gellert"]
[Black "Garv Gaur"]
[WhiteFideId "764620"]
[BlackFideId "45030839"]
[WhiteElo "2215"]
[BlackElo "1950"]
[Result "1-0"]
[Round "02"]
[TimeControl "180+1"]
[Date "2021.10.05"]
[WhiteClock "0:00:59"]
[BlackClock "0:00:21"]

1. e4 c6 2. d4 d5 3. exd5 cxd5 4. Bd3 Nc6 5. c3 Qc7 6. Ne2 Bg4 7. f3 Bd7 8. O-O Nf6 9. Bf4 e5 10. dxe5 Nxe5 11. Kh1 Bd6 12. Na3 O-O 13. Nc2 Rfe8 14. Ncd4 Nc4 15. Bxd6 Qxd6 16. Bxc4 dxc4 17. Qc1 Qd5 18. Nf4 Qg5 19. Nfe2 Qxc1 20. Raxc1 Nd5 21. Rfe1 Re7 22. Kg1 Rae8 23. Kf2 f5 24. g3 g6 25. Rcd1 Ne3 26. Rd2 f4 27. gxf4 Nf5 28. Nxf5 Bxf5 29. Rdd1 Bd3 30. Nd4 Kf7 31. Rxe7+ Rxe7 32. Re1 Rxe1 33. Kxe1 a6 34. Kd2 Bb1 35. a3 Kf6 36. Ke3 Ke7 37. Ne2 Kd6 38. Kd4 b5 39. Ng3 h5 40. Ne4+ Ke6 41. Nc5+ Kf5 42. Ke3 a5 43. Nb7 b4 44. Nd6+ Ke6 45. Nxc4 bxc3 46. bxc3 a4 47. Nb2 Bc2 48. Nd3 Kd6 49. Kd2 Bb3 50. Ke3 Kd5 51. Nb2 Bc2 52. Kd2 Bb3 53. Kd3 Kc5 54. c4 Kc6 55. h4 Kd6 56. Kd4 Bc2 57. c5+ Kc6 58. Nc4 Bd1 59. Ne5+ Kb5 60. Nxg6 Bxf3 61. Ne5 Bd1 62. f5 Bb3 63. f6 Be6 64. f7 Bxf7 65. Nxf7 Kc6 66. Ne5+ Kb7 67. Kd5 Kc7 68. c6 Kb6 69. Kd6 Ka7 70. c7 Kb6 71. c8=Q Ka7 72. Nc6+ Kb6 73. Qb8+ Ka6 74. Nb4+ Ka5 75. Qc7+ Kb5 76. Qc5# 1-0


[Site "https://www.chess.com"]

[Event "Titled Tuesday Blitz October 5 2021"]
[White "Katz, Alexander"]
[Black "Silvestre, Christian"]
[WhiteFideId "2039796"]
[BlackFideId "30956269"]
[WhiteElo "2371"]
[BlackElo "2510"]
[Result "1-0"]
[Round "02"]
[TimeControl "180+1"]
[Date "2021.10.05"]
[WhiteClock "0:00:31"]
[BlackClock "0:00:01"]

1. d4 e6 2. c4 d5 3. Nc3 c6 4. Nf3 f5 5. Bf4 Nf6 6. e3 Be7 7. Bd3 O-O 8. Qc2 Bd7 9. cxd5 cxd5 10. O-O Nc6 11. a3 Ne4 12. Rac1 Qa5 13. Ne5 Nxe5 14. Bxe5 Rac8 15. Bxe4 fxe4 16. Qb3 b6 17. Rc2 Rc4 18. Rfc1 Rfc8 19. h3 h6 20. Kh2 Qa6 21. Rd2 b5 22. Qd1 b4 23. Qg4 Bf8 24. axb4 Qb7 25. Rdc2 Qxb4 26. f3 exf3 27. gxf3 Qe7 28. Rg2 Be8 29. Rcg1 g6 30. Ne2 Rc2 31. Nf4 Rxg2+ 32. Rxg2 g5 33. Nxd5 exd5 34. Qxc8 Bd7 35. Qa6 Be6 36. f4 Qf7 37. fxg5 Qf5 38. gxh6+ 1-0


[Site "https://www.chess.com"]

[Event "Titled Tuesday Blitz October 5 2021"]
[White "Katzir, Moshe"]
[Black "Aradhya, Garg"]
[WhiteFideId "2802260"]
[BlackFideId "25006746"]
[WhiteElo "2097"]
[BlackElo "2146"]
[Result "0-1"]
[Round "02"]
[TimeControl "180+1"]
[Date "2021.10.05"]
[WhiteClock "0:00:14"]
[BlackClock "0:01:15"]

1. e4 e5 2. Nc3 Nc6 3. g3 Bc5 4. Bg2 h5 5. h3 Nge7 6. Nge2 d6 7. d3 a5 8. Bg5 Be6 9. Nd5 f6 10. Bd2 Qd7 11. c3 Bf7 12. Qa4 Nxd5 13. exd5 Ne7 14. Qxd7+ Kxd7 15. c4 Nf5 16. b3 c6 17. dxc6+ bxc6 18. Rb1 d5 19. Nc3 Ne7 20. Na4 Bd4 21. c5 Ra7 22. O-O Rb8 23. Kh2 Bg6 24. Rbd1 Bxd3 25. Rh1 Be2 26. Rc1 Bb5 27. Nb6+ Ke8 28. f4 e4 29. Rhe1 Bf2 30. Rh1 Nf5 31. Be1 Be3 32. Rc2 Bd3 33. Rc3 Nd4 34. Bf1 Nf3+ 35. Kg2 Nxe1+ 36. Kh2 Nf3+ 0-1


[Site "https://www.chess.com"]

[Event "Titled Tuesday Blitz October 5 2021"]
[White "Khanin, Semen"]
[Black "Paul, Justin"]
[WhiteFideId "4111990"]
[BlackFideId "2086581"]
[WhiteElo "2436"]
[BlackElo "2034"]
[Result "0-1"]
[Round "02"]
[TimeControl "180+1"]
[Date "2021.10.05"]
[WhiteClock "0:00:20"]
[BlackClock "0:00:50"]

1. c4 Nf6 2. Nc3 e5 3. g3 Be7 4. Bg2 O-O 5. e4 Re8 6. Nge2 Bf8 7. O-O Nc6 8. d3 d6 9. h3 h6 10. f4 Nd4 11. Nxd4 exd4 12. Ne2 c5 13. g4 Rb8 14. a4 Nh7 15. Ng3 Be7 16. Bd2 Bh4 17. Nf5 Bxf5 18. gxf5 Nf8 19. Kh1 Nd7 20. Qh5 Qf6 21. Bf3 Kh7 22. Rg1 g6 23. fxg6+ fxg6 24. Qg4 Re7 25. Rg2 h5 26. Qxg6+ Qxg6 27. Rxg6 Kxg6 28. Rg1+ Kh6 29. f5+ Kh7 30. Bxh5 Ne5 31. Bg6+ Kh8 32. Bf4 Rg8 33. Bxe5+ dxe5 34. Kg2 Rh7 35. Kf3 Rh6 36. a5 Bf6 37. Rh1 Rgxg6 38. fxg6 Kg7 39. a6 bxa6 40. Kg4 Kxg6 41. Ra1 Rh4+ 42. Kg3 Rf4 43. Rxa6 Rf1 44. Rxa7 Rd1 45. Ra3 Rd2 46. Rb3 Kh5 47. Kf3 Bh4 0-1


[Site "https://www.chess.com"]

[Event "Titled Tuesday Blitz October 5 2021"]
[White "Khoroshev, Nikita"]
[Black "Yakubboev, Nodirbek"]
[WhiteFideId "14200287"]
[BlackFideId "14203987"]
[WhiteElo "2376"]
[BlackElo "2464"]
[Result "0-1"]
[Round "02"]
[TimeControl "180+1"]
[Date "2021.10.05"]
[WhiteClock "0:00:05"]
[BlackClock "0:00:07"]

1. d4 Nf6 2. Nf3 g6 3. c4 Bg7 4. Nc3 O-O 5. e4 d6 6. Be2 e5 7. O-O Bg4 8. Be3 Bxf3 9. Bxf3 exd4 10. Bxd4 Nc6 11. Be3 Nd7 12. Rc1 Re8 13. Re1 Nc5 14. Qc2 Nb4 15. Qb1 Nbd3 16. Red1 Ne5 17. Be2 Ned7 18. b4 Ne6 19. c5 Be5 20. cxd6 cxd6 21. g3 Nf6 22. f4 Bxc3 23. Rxc3 Qe7 24. Bf3 a5 25. b5 Rac8 26. Rxc8 Rxc8 27. Qd3 Ne8 28. b6 Nc5 29. Bxc5 Rxc5 30. e5 dxe5 31. Qd8 Kf8 32. Qb8 e4 33. Be2 Rc2 34. Kf1 Qe6 35. Rd8 Qh3+ 36. Ke1 Qe6 37. Bb5 Qxa2 38. Rxe8+ Kg7 39. Qe5+ f6 40. Re7+ Kh6 41. Rxh7+ Kxh7 42. Qe7+ Kh6 43. Qf8+ Kh5 44. Qh8+ Kg4 45. Qh4+ Kf3 0-1


[Site "https://www.chess.com"]

[Event "Titled Tuesday Blitz October 5 2021"]
[White "Khusnutdinov, Rustam"]
[Black "Gimenez Aguirre, Alejo Ismael"]
[WhiteFideId "13701703"]
[BlackFideId "32041667"]
[WhiteElo "2571"]
[BlackElo "2031"]
[Result "1-0"]
[Round "02"]
[TimeControl "180+1"]
[Date "2021.10.05"]
[WhiteClock "0:01:28"]
[BlackClock "0:00:18"]

1. e4 c5 2. Nf3 g6 3. d4 cxd4 4. Qxd4 Nf6 5. e5 Nc6 6. Qa4 Nd5 7. Qe4 Ndb4 8. Bb5 Qa5 9. Nc3 d5 10. exd6 Bf5 11. Qe5 O-O-O 12. Qxh8 Nxc2+ 13. Ke2 Nxa1 14. Rd1 exd6 15. Qxh7 d5 16. Bg5 Re8+ 17. Kf1 Nc2 18. Qxf7 Bd7 19. Qxd5 Qc7 20. Qd3 N2b4 21. Qxg6 a6 22. Be2 Ne7 23. Qf7 Nbc6 24. Bf4 Qa5 25. Ne4 Nd5 26. Rxd5 Qxa2 27. Qxd7# 1-0


[Site "https://www.chess.com"]

[Event "Titled Tuesday Blitz October 5 2021"]
[White "Korobov, Anton"]
[Black "Solovchuk, Oleksiy"]
[WhiteFideId "14105730"]
[BlackFideId "14115220"]
[WhiteElo "2718"]
[BlackElo "2336"]
[Result "1-0"]
[Round "02"]
[TimeControl "180+1"]
[Date "2021.10.05"]
[WhiteClock "0:00:28"]
[BlackClock "0:00:18"]

1. d4 Nf6 2. c4 e6 3. Nf3 b6 4. a3 Ne4 5. e3 Bb7 6. Bd3 f5 7. O-O Bd6 8. b4 O-O 9. Bb2 a5 10. b5 Be7 11. Nbd2 Nxd2 12. Nxd2 d6 13. e4 f4 14. Qg4 Qd7 15. Nf3 Bf6 16. e5 dxe5 17. Rfe1 exd4 18. Rxe6 Bxf3 19. gxf3 Qf7 20. Be4 Nd7 21. Bd5 Kh8 22. Rxb6 Qg6 23. Qxg6 hxg6 24. Rc6 Ra7 25. Rd1 Ne5 26. Re6 Rd8 27. Bxd4 Nxf3+ 28. Bxf3 Rxd4 29. Rxd4 Bxd4 30. Kg2 Bc5 31. a4 Kh7 32. Be4 Bd4 33. Bxg6+ Kh6 34. Be4+ Bf6 35. f3 1-0


[Site "https://www.chess.com"]

[Event "Titled Tuesday Blitz October 5 2021"]
[White "Kostiukov, Alexandr"]
[Black "Krysa, Leandro"]
[WhiteFideId "14108100"]
[BlackFideId "116807"]
[WhiteElo "2227"]
[BlackElo "2490"]
[Result "0-1"]
[Round "02"]
[TimeControl "180+1"]
[Date "2021.10.05"]
[WhiteClock "0:00:10"]
[BlackClock "0:00:04"]

1. g3 c5 2. Bg2 Nc6 3. c4 g6 4. Nf3 Bg7 5. O-O d6 6. Nc3 e6 7. e3 Nge7 8. d4 O-O 9. d5 exd5 10. cxd5 Na5 11. Qc2 Rb8 12. a4 a6 13. Rb1 b5 14. axb5 axb5 15. b4 cxb4 16. Rxb4 Bd7 17. Qd3 Nb7 18. Nd4 Nc5 19. Qb1 Na6 20. Rb3 b4 21. Na2 Bxd4 22. exd4 Bb5 23. Rd1 Bc4 24. Rb2 Nxd5 25. Bh6 Re8 26. Bxd5 Bxd5 27. Nxb4 Nxb4 28. Rxb4 Rxb4 29. Qxb4 Qe7 30. Qc3 Qe4 31. f3 Qe2 32. Rf1 Qe6 33. Kg2 Rc8 34. Qe3 Qf5 35. Rf2 Qd7 36. Re2 Qe6 37. Qxe6 fxe6 38. Re3 Kf7 39. h4 Ke7 40. Kh3 Kd7 41. Bg5 Rc2 42. Ra3 Rf2 43. Ra7+ Kc6 44. f4 h5 45. g4 Rf3+ 46. Kg2 hxg4 47. Ra6+ Kd7 48. Bh6 Ra3+ 49. Kf2 Rxa6 50. f5 gxf5 51. h5 Ra3 52. Bf4 Rf3+ 53. Ke2 Rxf4 54. h6 Rf3 55. h7 Rh3 56. h8=Q Rxh8 0-1


[Site "https://www.chess.com"]

[Event "Titled Tuesday Blitz October 5 2021"]
[White "Kovalev, Vladislav"]
[Black "Gracia Alvarez, Gerardo Antonio"]
[WhiteFideId "13504398"]
[BlackFideId "5109124"]
[WhiteElo "2573"]
[BlackElo "2148"]
[Result "1-0"]
[Round "02"]
[TimeControl "180+1"]
[Date "2021.10.05"]
[WhiteClock "0:00:32"]
[BlackClock "0:00:11"]

1. e4 c5 2. Be2 Nc6 3. d3 g6 4. f4 Bg7 5. Nf3 e6 6. O-O Nge7 7. c3 d5 8. Be3 b6 9. Kh1 O-O 10. Qe1 dxe4 11. dxe4 f5 12. e5 Nd5 13. Bd2 Bb7 14. Na3 Qe7 15. Nc4 Ba6 16. a4 Bxc4 17. Bxc4 Rad8 18. Qe2 Qc7 19. Rad1 Na5 20. Ba2 Qc6 21. Qb5 Rfe8 22. Bc1 Qxb5 23. axb5 Bh6 24. g3 Nc7 25. Kg2 Kf7 26. c4 Ke7 27. Bd2 Nb7 28. Bc3 Rxd1 29. Rxd1 Rd8 30. Ra1 a5 31. h4 Kf7 32. Bb3 Bf8 33. h5 Be7 34. Rh1 Kg7 35. Bc2 Rd7 36. Kf2 Rd8 37. Ke2 Rd7 38. Ke3 Rd8 39. Bd1 Rd7 40. Be2 Rd8 41. Ne1 Rd7 42. Nd3 g5 43. h6+ Kg8 44. b3 g4 45. Nb2 Rd8 46. Na4 Na8 47. Bf1 Rd7 48. Bg2 Kf8 49. Bc6 Rc7 50. Rd1 Bd8 51. Bxb7 1-0


[Site "https://www.chess.com"]

[Event "Titled Tuesday Blitz October 5 2021"]
[White "Lauridsen, Jesper Morch"]
[Black "Jaracz, Pawel"]
[WhiteFideId "1401890"]
[BlackFideId "1102222"]
[WhiteElo "2300"]
[BlackElo "2495"]
[Result "0-1"]
[Round "02"]
[TimeControl "180+1"]
[Date "2021.10.05"]
[WhiteClock "0:00:01"]
[BlackClock "0:01:08"]

1. d4 d5 2. Bf4 c5 3. e3 Nc6 4. c3 Qb6 5. Qb3 c4 6. Qxb6 axb6 7. Na3 Bf5 8. Nb5 Ra5 9. a4 Nf6 10. Nf3 e6 11. Bc7 Nd7 12. Bd6 Bxd6 13. Nxd6+ Ke7 14. Nxf5+ exf5 15. Be2 Rha8 16. Bd1 b5 17. O-O bxa4 18. Bc2 g6 19. Ng5 a3 20. b4 cxb3 21. Bxb3 Rb5 22. Ba2 Nb6 23. Rfb1 Raa5 24. f3 Rb2 25. e4 Rab5 26. Rxb2 axb2 27. Rb1 Na4 28. c4 dxc4 29. Bxc4 Rb4 30. Bxf7 Nxd4 31. exf5 gxf5 0-1


[Site "https://www.chess.com"]

[Event "Titled Tuesday Blitz October 5 2021"]
[White "Lewtak, Damian"]
[Black "Zhigalko, Sergei"]
[WhiteFideId "1141724"]
[BlackFideId "13502956"]
[WhiteElo "2203"]
[BlackElo "2662"]
[Result "1-0"]
[Round "02"]
[TimeControl "180+1"]
[Date "2021.10.05"]
[WhiteClock "0:00:32"]
[BlackClock "0:00:01"]

1. d4 Nf6 2. c3 b6 3. Bf4 Bb7 4. h3 e6 5. e3 Bd6 6. Bxd6 cxd6 7. Nd2 O-O 8. Ngf3 d5 9. c4 d6 10. Bd3 Nbd7 11. O-O Qe7 12. Re1 Rfc8 13. cxd5 Nxd5 14. a3 Rc7 15. Rc1 Rac8 16. Rxc7 Rxc7 17. Qb1 h6 18. Rc1 Qd8 19. Ne4 N7f6 20. Nxf6+ Nxf6 21. Nd2 Qc8 22. Rxc7 Qxc7 23. Qc2 Qxc2 24. Bxc2 Kf8 25. f3 Ke7 26. Kf2 Ba6 27. Bd1 e5 28. Be2 Bxe2 29. Kxe2 Nd5 30. dxe5 dxe5 31. Kd3 Ke6 32. g3 h5 33. e4 Ne7 34. Kc4 a6 35. a4 h4 36. gxh4 Ng6 37. a5 bxa5 38. Kc5 Nxh4 39. Kb6 Ng2 40. Kxa5 Nf4 41. Kxa6 Nxh3 42. b4 Kd7 43. b5 Nf4 44. b6 Ne6 45. b7 Nc5+ 46. Kb6 Nxb7 47. Kxb7 g6 48. Kb6 Kd6 49. Kb5 f5 50. Nf1 Ke6 51. Kc5 g5 52. Ne3 1-0


[Site "https://www.chess.com"]

[Event "Titled Tuesday Blitz October 5 2021"]
[White "Maiorov, Nikita"]
[Black "Arabidze, Meri"]
[WhiteFideId "13501720"]
[BlackFideId "13604040"]
[WhiteElo "2456"]
[BlackElo "2432"]
[Result "0-1"]
[Round "02"]
[TimeControl "180+1"]
[Date "2021.10.05"]
[WhiteClock "0:00:01"]
[BlackClock "0:00:25"]

1. e4 c5 2. Nf3 e6 3. d4 cxd4 4. Nxd4 Nc6 5. Nc3 a6 6. g3 d6 7. Bg2 Bd7 8. O-O Nf6 9. a4 Be7 10. Nb3 b6 11. Bf4 Qc7 12. h3 O-O 13. Qe2 Ne5 14. Nd2 b5 15. axb5 axb5 16. Rac1 b4 17. Ncb1 Ra2 18. Bxe5 dxe5 19. Qc4 Qxc4 20. Nxc4 Bb5 21. Nbd2 Rc8 22. b3 Bc5 23. Rfd1 Bd4 24. Nd6 Rc5 25. Nxb5 Rxb5 26. Nf3 Bb6 27. Ra1 Rxa1 28. Rxa1 h6 29. Nd2 Bd4 30. Ra8+ Kh7 31. Nc4 Rb7 32. Kf1 g5 33. Ke2 Kg7 34. g4 Rc7 35. f3 Ng8 36. Rb8 Bc3 37. Nd6 Rd7 38. Rb6 Ne7 39. Bf1 Ng6 40. Ra6 Nf4+ 41. Kf2 Bd4+ 42. Ke1 Bc5 43. Nc4 Kf6 44. Rc6 Bd4 45. Rd6 Ra7 46. Bd3 Ra1+ 47. Kd2 Bc3+ 48. Ke3 Nxh3 49. Be2 Nf4 0-1


[Site "https://www.chess.com"]

[Event "Titled Tuesday Blitz October 5 2021"]
[White "Maksimenko, Viktor"]
[Black "Mirzoev, Azer"]
[WhiteFideId "13710478"]
[BlackFideId "13400304"]
[WhiteElo "2269"]
[BlackElo "2525"]
[Result "0-1"]
[Round "02"]
[TimeControl "180+1"]
[Date "2021.10.05"]
[WhiteClock "0:00:11"]
[BlackClock "0:01:04"]

1. d4 c6 2. c4 d5 3. Nc3 Nf6 4. e3 e6 5. Nf3 Nbd7 6. Be2 b6 7. O-O Bb7 8. b3 Be7 9. Bb2 O-O 10. Qc2 Rc8 11. e4 dxe4 12. Nxe4 Nxe4 13. Qxe4 Nf6 14. Qh4 h6 15. Rad1 Qc7 16. Rfe1 Rfd8 17. Ne5 c5 18. Bf1 cxd4 19. Bxd4 Bb4 20. Re3 Bc5 21. Ng4 Nxg4 22. Qxg4 Bxd4 23. Rxd4 Rxd4 24. Qxd4 Rd8 25. Qg4 Rd2 26. Rg3 g6 27. Qh4 Qc5 28. Rd3 Rxd3 29. Bxd3 Kg7 30. Qd8 Qe5 31. Qd7 Be4 32. Bxe4 Qa1+ 0-1


[Site "https://www.chess.com"]

[Event "Titled Tuesday Blitz October 5 2021"]
[White "Maksimovic, Bojan"]
[Black "Majdan, Joanna"]
[WhiteFideId "14408120"]
[BlackFideId "1121979"]
[WhiteElo "2439"]
[BlackElo "2270"]
[Result "1-0"]
[Round "02"]
[TimeControl "180+1"]
[Date "2021.10.05"]
[WhiteClock "0:01:40"]
[BlackClock "0:01:35"]

1. e4 c5 2. Nf3 e6 3. d4 d5 4. exd5 exd5 5. Be2 Nc6 6. O-O Bd6 7. dxc5 Bxc5 8. Nc3 Nge7 9. Nb5 O-O 10. Nbd4 Bb6 11. c3 Bg4 12. Be3 a6 13. h3 Bh5 14. Re1 Qd6 15. Nxc6 Qxc6 16. Ne5 Qe6 17. Bxh5 Bc7 18. Bd4 Qf5 19. Bg4 Qf4 20. g3 Qh6 21. Qc1 g5 22. Nd7 1-0


[Site "https://www.chess.com"]